 Dungeon Crawl Stone Soup version 0.26-a0-858-gbf766624f9 (webtiles) character file.

Game seed: 6167949551451335927

10 dickylongcocking the Sneak (level 2, -3/28 HPs)
             Began as a Naga Delver on Nov 25, 2020.
             Slain by an iguana (7 damage)
             ... on level 4 of the Dungeon.
             The game lasted 00:00:27 (60 turns).

dickylongcocking the Sneak (Naga Delver)              Turns: 60, Time: 00:00:27

Health: -3/28      AC:  2    Str: 14    XL:     2   Next: 20%
Magic:  2/2        EV:  9    Int: 10    God:
Gold:   0          SH:  0    Dex: 12    Spells: 1/1 levels left

rFire    . . .     SeeInvis +   a - +0 hand axe
rCold    . . .     Faith    .   (no shield)
rNeg     . . .     Spirit   .   b - +0 leather armour
rPois    +         Reflect  .   (no helmet)
rElec    .         Harm     .   (no cloak)
rCorr    .         Rampage  .   (no gloves)
MR       .....                  (no barding)
Stlth    +++.......             (no amulet)
HPRegen  0.09/turn              (no ring)
MPRegen  0.08/turn              (no ring)

@: hasted, quick
A: large, see invisible, deformed body, poison resistance, slowness 2, spit
poison 1, AC +0
a: Spit Poison


You were on level 4 of the Dungeon.
You visited 1 branch of the dungeon, and saw 2 of its levels.

Inventory:

Hand Weapons
 a - a +0 hand axe (weapon)
Armour
 b - a +0 leather armour (worn)
Wands
 g - a wand of digging (3)
Scrolls
 c - a scroll of fog


   Skills:
 - Level 3.0 Fighting
 * Level 2.8 Axes
 - Level 1.5 Dodging
 - Level 7.2 Stealth


You had one spell level left.
You didn't know any spells.
Your spell library was empty.

Dungeon Overview and Level Annotations

Branches:
Dungeon (5/15)
 Temple: D:4-7

Altars:

Annotations:
D:5 Pikel


Innate Abilities, Weirdness & Mutations

You cannot wear boots.
Your serpentine skin is tough. (AC +0)
You have supernaturally acute eyesight. (SInv)
Armour fits poorly on your strangely shaped body.
Your system is resistant to poisons. (rPois)
You cover ground very slowly.
You can spit poison.


Message History

The iguana misses you.
You closely miss the iguana.
The iguana is lightly wounded.
You barely miss the orc. You closely miss the orc.
The orc wizard shouts!
You hit the lemure but do no damage. The orc barely misses you.
The lemure hits you!
* * * LOW HITPOINT WARNING * * *
The orc hits you but does no damage. The iguana barely misses you.
You hit the iguana.
The iguana is moderately wounded.
You hit the orc. x2
You kill the orc!
You hit the lemure. The lemure closely misses you.
Unknown command.
You hit the iguana.
The iguana is moderately wounded.
You hit the lemure but do no damage. You barely miss the orc.
You closely miss the orc. The iguana bites you!
You die...

##..#.
...#.#.
......
#o...#
#.o.. #o.Z.
#.#o#######
#..o@l....#
###5#####.#
#># #.# #.#
#.# ..# ...
#.#


You could see a lemure, an iguana, an orc wizard, 4 orcs and a centaur skeleton.

Vanquished Creatures
  A shadow imp (D:5)
  An orc (D:4)
  A jackal skeleton (D:5)
3 creatures vanquished.

Notes
Turn   | Place    | Note
-------+----------+-------------------------------------------
     0 | D:5      | dickylongcocking the Naga Delver began the quest for the
                  | Orb.
     0 | D:5      | Reached XP level 1. HP: 21/21 MP: 1/1
    24 | D:5      | Reached XP level 2. HP: 22/28 MP: 2/2
    24 | D:5      | Noticed Pikel
    26 | D:5      | Noticed a lemure
    29 | D:5      | Noticed a lemure
    32 | D:5      | Noticed a lemure
    60 | D:4      | Slain by an iguana

Illustrated notes

Levels and vault maps discovered:
D:4:      layout_loops_ring, nicolae_ossuary_entry_ruins, uniq_sigmund
D:5:      layout_basic, kennysheep_little_box, uniq_eustachio, uniq_pikel,
          uniq_prince_ribbit1, uniq_menkaure

Action                   || total
-------------------------++-------
Melee: Hand axe          ||    13
 Abil: Spit Poison       ||     1
  Use: Scroll            ||     2
       Potion            ||     1
 Stab: Sleeping          ||     1
Dodge: Dodged            ||    15

Table legend: (Time is in decaauts)
 A = Elapsed time spent in this place.
 B = Non-inter-level travel time spent in this place.
 C = Inter-level travel time spent in this place.
 D = Time resting spent in this place.
 E = Time spent auto-exploring this place.
 F = Levels seen in this place.
 G = Mean time per level.
                   A        B        C        D        E       F      G
               +--------+--------+--------+--------+--------+-----+--------+
         Total |     76 |     76 |      0 |      0 |     12 |   2 |   38.0 |
       Dungeon |     76 |     76 |      0 |      0 |     12 |   2 |   38.0 |
               +--------+--------+--------+--------+--------+-----+--------+

Top non-repeatable levels by time:
     D:5: 69 daAuts
     D:4: 6 daAuts
